 Dungeon Crawl Stone Soup version 0.22.1-1-ga44c0e5 (webtiles) character file.

31 Fang the Skirmisher (level 3, 0/24 HPs)
             Began as a Gargoyle Berserker on Oct 1, 2018.
             Was a Follower of Trog.
             Slain by an adder (4 damage)
             ... on level 2 of the Dungeon.
             The game lasted 00:01:18 (793 turns).

Fang the Skirmisher (Gargoyle Berserker)             Turns: 793, Time: 00:01:19

Health: 0/24       AC:  5    Str: 21    XL:     3   Next: 22%
Magic:  3/3        EV: 12    Int:  7    God:    Trog [*.....]
Gold:   78         SH:  0    Dex:  9    Spells: 2/2 levels left

rFire    . . .     SeeInvis .   a - +0 hand axe
rCold    . . .     Gourm    .   (no shield)
rNeg     + . .     Faith    .   b - +0 animal skin
rPois    ∞         Spirit   .   (no helmet)
rElec    +         Reflect  .   (no cloak)
rCorr    .         Harm     .   (no gloves)
MR       .....                  (no boots)
Stlth    +.........             (no amulet)
HPRegen  0.08/turn              (no ring)
MPRegen  0.08/turn              (no ring)

@: berserk cooldown, slowed, very slow
A: negative energy resistance 1, electricity resistance, unbreathing,
petrification resistance, rot immunity, AC +3
a: Berserk, Renounce Religion


You were on level 2 of the Dungeon.
You worshipped Trog.
Trog was aware of your devotion.
You were not hungry.

You visited 1 branch of the dungeon, and saw 2 of its levels.

You collected 78 gold pieces.

Inventory:

Hand Weapons
 a - a +0 hand axe (weapon)
Armour
 b - a +0 animal skin (worn)
Jewellery
 n - an uncursed amulet of rage {unknown}
Scrolls
 d - a scroll of identify {unknown}
 e - a scroll of noise {unknown}
 g - a scroll of enchant armour {unknown}
 i - a scroll of magic mapping {unknown}
 l - a scroll of amnesia {unknown}
Potions
 f - a potion of curing {unknown}
 h - a potion of heal wounds {unknown}
 j - a potion of degeneration {unknown}
 k - a potion of cancellation {unknown}
 m - a potion of brilliance {unknown}
Comestibles
 c - a ration


   Skills:
 + Level 3.7 Fighting
 + Level 3.2 Axes
 + Level 2.3 Armour
 + Level 1.9 Dodging


You had 2 spell levels left.
You didn't know any spells.
Your spell library was empty.

Dungeon Overview and Level Annotations

Branches:
Dungeon (2/15)

Altars:
Ru


Innate Abilities, Weirdness & Mutations

You are resistant to torment.
Your stone body is resilient. (AC +3)
You are immune to poison.
You resist negative energy. (rN+)
You are resistant to electric shocks. (rElec)
You can survive without breathing.
You are immune to petrification.
You are immune to rotting.


Message History

A kobold comes into view. It is wielding a short sword.
The kobold shouts!
An adder comes into view.
Found an escape hatch in the ceiling.
You see here 18 gold pieces.
You now have 78 gold pieces (gained 18).
The phantom barely misses you.
The adder hisses angrily.
The phantom hits you.
* * * LOW HITPOINT WARNING * * *
Found a scroll labeled NAOMMA ONER.
Found a sacrificial altar of Ru.
The kobold barely misses you. The phantom closely misses you.
The adder bites you.
* * * LOW HITPOINT WARNING * * *
The kobold misses you. The adder closely misses you.
The kobold barely misses you.
The phantom blinks!
The kobold barely misses you. The adder bites you.
* * * LOW HITPOINT WARNING * * *
The adder bites you.
You die...

. ## #.. #..........#
.###. ..##.#...<....#
...#.# #..._.........# #
.#...## ..#.#........#..
. ....# #.#.............
. #..# #.##........#...
# ##..###..#...K<.......
# #............S@.......
###)##....#..........###
##.†...##............#
....#######..W.......#
#..## #..........# #.##
#...(.....## ..#
###......?.. ....
#......... .....


You could see a phantom, an adder and a kobold.

Vanquished Creatures
  2 dart slugs (D:1)
  A leopard gecko (D:1)
  A ball python (D:1)
  2 bats
  A giant cockroach (D:1)
  6 goblins
  2 hobgoblins (D:2)
  3 frilled lizards
  4 kobolds
  2 rats (D:1)
24 creatures vanquished.

Notes
Turn   | Place    | Note
-------+----------+-------------------------------------------
     0 | D:1      | Fang the Gargoyle Berserker began the quest for the Orb.
     0 | D:1      | Reached XP level 1. HP: 14/14 MP: 1/1
    86 | D:1      | Reached XP level 2. HP: 15/19 MP: 2/2
   722 | D:2      | Reached XP level 3. HP: 24/24 MP: 3/3
   762 | D:2      | Noticed a phantom
   789 | D:2      | Found a sacrificial altar of Ru.
   793 | D:2      | Slain by an adder

Skill      XL: |  1  2 |
---------------+-------+-----
Axes           | 3 |  3.2
Fighting       | |  3.7
Armour         | |  2.3
Dodging        | |  1.9

Action                   || total
-------------------------++-------
Melee: Hand axe          ||    75
Invok: Berserk           ||     1
Armor: Animal skin       ||    25
Dodge: Dodged            ||    58
